 Dungeon Crawl Stone Soup version 0.27.1-33-g824d729ab1 (webtiles) character file.

Game seed: 15494210457579158859

1491 MisterFreud the Carver (level 8, 0/74 HPs)
             Began as a Minotaur Abyssal Knight on Nov 28, 2021.
             Was an Elder of Lugonu.
             Slain by an ogre (18 damage)
             ... on level 5 of the Dungeon.
             The game lasted 00:11:22 (6552 turns).

MisterFreud the Carver (Minotaur Abyssal Knight)    Turns: 6552, Time: 00:11:22

Health: 0/74       AC: 13    Str: 19    XL:     8   Next: 51%
Magic:  8/8        EV:  6    Int:  9    God:    Lugonu [****..]
Gold:   197        SH:  0    Dex: 10    Spells: 7/7 levels left

rFire    . . .     SeeInvis .   u - +0 long sword
rCold    . . .     Faith    .   (no shield)
rNeg     . . .     Spirit   .   x - +0 plate armour
rPois    .         Reflect  .   (helmet restricted)
rElec    .         Harm     .   (no cloak)
rCorr    .         Rampage  .   (no gloves)
Will     .....                  (no boots)
Stlth    ..........             (no amulet)
HPRegen  0.22/turn              (no ring)
MPRegen  0.11/turn              (no ring)

@: no status effects
A: horns 2, retaliatory headbutt
a: Renounce Religion, Depart the Abyss, Bend Space, Banish, Corrupt


You were on level 5 of the Dungeon.
You worshipped Lugonu.
Lugonu was greatly pleased with you.
You visited 1 branch of the dungeon, and saw 6 of its levels.
You visited the Abyss 1 time.
You also visited: Sewer.

You collected 197 gold pieces.

Inventory:

Hand Weapons
 a - a +1 falchion
 u - a +0 long sword (weapon)
Missiles
 q - 7 boomerangs
 r - 10 poisoned darts (quivered)
Armour
 b - a +0 leather armour
 j - a +0 ring mail
 w - a +0 troll leather armour {Purgy}
 x - a +0 plate armour (worn)
Jewellery
 f - a ring of positive energy
Wands
 y - a wand of iceblast (11)
Scrolls
 c - 3 scrolls of enchant weapon {unknown}
 d - 3 scrolls of enchant armour {unknown}
 h - a scroll of noise {unknown}
 k - 3 scrolls of vulnerability {unknown}
 m - a scroll of fog {unknown}
 o - 4 scrolls of fear {unknown}
 p - 2 scrolls of teleportation {unknown}
Potions
 e - 2 potions of invisibility
 g - a potion of mutation {unknown}
 i - a potion of magic {unknown}
 l - a potion of lignification
 n - 4 potions of curing
 s - 2 potions of ambrosia
 t - 2 potions of berserk rage {unknown}
 v - 4 potions of haste {unknown}


   Skills:
 - Level 8.0 Fighting
 + Level 8.6 Long Blades
 + Level 7.1 Armour
 - Level 1.1 Dodging
 - Level 1.7 Invocations


You had 7 spell levels left.
You didn't know any spells.
Your spell library was empty.

Dungeon Overview and Level Annotations

Branches:
Dungeon (6/15)             Temple (0/1) D:4           Sewer (visited)

Altars:
Ashenzari
Elyvilon
Trog

Shops:
D:2 =

Annotations:
D:5 1 transporter
D:6 Prince Ribbit


Innate Abilities, Weirdness & Mutations

You have a pair of horns on your head.
You reflexively headbutt those who attack you in melee.


Message History

You hit Prince Ribbit.
Prince Ribbit is lightly wounded.
Prince Ribbit hits you but does no damage.
Prince Ribbit hops awkwardly around.
Prince Ribbit hits you but does no damage.
You slash Prince Ribbit! Your headbutt misses Prince Ribbit.
Prince Ribbit is moderately wounded.
Prince Ribbit hits you but does no damage.
You closely miss Prince Ribbit. You headbutt Prince Ribbit.
Prince Ribbit is moderately wounded.
Prince Ribbit hits you but does no damage.
Prince Ribbit hits you!
You closely miss Prince Ribbit.
Prince Ribbit is moderately wounded.
Prince Ribbit barely misses you.
You hit Prince Ribbit.
Prince Ribbit is moderately wounded.
Prince Ribbit hops awkwardly around.
Prince Ribbit hits you!
* * * LOW HITPOINT WARNING * * *
Prince Ribbit blinks!
Prince Ribbit croaks regally.
Prince Ribbit completely misses you.
Prince Ribbit blinks!
Prince Ribbit hits you but does no damage.
Prince Ribbit hops awkwardly around.
Prince Ribbit blinks!
There is a stone staircase leading up here.
You climb upwards.
Level annotation: 1 transporter The ogre hits you but does no damage.
The ogre barely misses you. You furiously retaliate!
You headbutt the ogre!
There is a stone staircase leading down here.
An ogre is nearby!
You hit the ogre. Your headbutt misses the ogre.
The ogre is heavily wounded.
You barely miss the ogre. Your headbutt misses the ogre.
The ogre is heavily wounded.
The ogre hits you with a +0 giant spiked club!!
You die...

.... #.##..........###..##
... #.##.#.....#.###.....
## #†##.#.#...#.####..##
#.##.#.#####.##......
#.##.#.......####..##
#....#..###...#_....#
####.# .# #...##8..8#
#.#$.###....#.....
#@O...............
###########.#.#... #.#.#.##
#.#..... #.####.# #+# #..
## ...###. ...<... ........
#.....#############....##..


You could see an ogre.

Vanquished Creatures
  Sigmund (D:2)
  A black bear (D:6)
  Purgy (Sewer)
  A necrophage (D:5)
  An ogre (D:6)
  A phantom (D:4)
  A bullfrog (D:6)
  5 scorpions
  A wyvern zombie (D:5)
  A wyvern skeleton (D:6)
  3 bullfrog zombies
  3 hounds
  A centaur skeleton (D:6)
  2 scorpion zombies
  A hound zombie (D:4)
  Robin (D:3)
  A gnoll (D:4)
  3 adders
  An adder skeleton (D:4)
  4 adder zombies
  2 worms (D:2)
  A dart slug (D:3)
  7 orcs
  6 bats
  3 endoplasms (D:1)
  8 giant cockroaches
  7 hobgoblins
  3 quokkas
  9 ball pythons
  7 frilled lizards
  9 goblins
  3 kobolds
  A quokka skeleton (D:4)
  5 rats
105 creatures vanquished.

Notes
Turn   | Place    | Note
-------+----------+-------------------------------------------
     0 | Abyss:1  | MisterFreud the Minotaur Abyssal Knight began the quest for
                  | the Orb.
     0 | Abyss:1  | Reached XP level 1. HP: 19/19 MP: 1/1
    20 | D:1      | Escaped the Abyss
   306 | D:1      | Reached XP level 2. HP: 28/28 MP: 2/2
   662 | D:1      | Found a faded altar of an unknown god.
   985 | D:2      | Noticed Sigmund
  1186 | D:3      | Reached skill level 5 in Fighting
  1186 | D:3      | Reached XP level 3. HP: 19/36 MP: 3/3
  1689 | D:3      | Reached ** piety under Lugonu
  1753 | D:3      | Noticed Robin
  1762 | D:3      | Killed Robin
  1792 | D:3      | Reached XP level 4. HP: 25/44 MP: 4/4
  2462 | D:2      | Killed Sigmund
  2463 | D:2      | Reached XP level 5. HP: 39/53 MP: 5/5
  2805 | D:2      | Found Angyan's Jewellery Shoppe.
  3470 | D:4      | Reached XP level 6. HP: 57/61 MP: 6/6
  3525 | D:4      | Found a staircase to the Ecumenical Temple.
  3995 | D:4      | Reached *** piety under Lugonu
  4305 | D:4      | Reached XP level 7. HP: 49/68 MP: 7/7
  4481 | D:5      | Entered Level 5 of the Dungeon
  4587 | D:5      | Reached skill level 5 in Armour
  4604 | D:5      | Found a bloodstained altar of Trog.
  4607 | D:5      | Found a transporter.
  4633 | D:5      | Reached skill level 5 in Long Blades
  4717 | D:5      | Found a glowing drain.
  4739 | Sewer    | Entered a sewer
  5107 | Sewer    | Noticed Purgy
  5121 | Sewer    | Killed Purgy
  5180 | D:5      | Reached XP level 8. HP: 53/74 MP: 8/8
  5458 | D:5      | Found a white marble altar of Elyvilon.
  5458 | D:5      | Found a broken altar of Ashenzari.
  5963 | D:6      | Reached **** piety under Lugonu
  6134 | D:6      | Noticed Prince Ribbit
  6552 | D:5      | Slain by an ogre

Illustrated notes

Levels and vault maps discovered:
D:1:      enne_arrival_octagon_isle, layout_loops_ring,
          ebering_ecumenical_altar_webs, minmay_misc_feat_encased
D:2:      layout_basic, serial_shops, nicolae_shop_window_shopping, uniq_sigmund
D:3:      layout_basic, kennysheep_cross_bottleneck, nrook_mini_vaults,
          uniq_robin
D:4:      minmay_angry_zag, layout_loops_corners,
          minmay_temple_entry_glassed_door, serial_undead, serial_undead_c,
          serial_undead_f, serial_undead_b, serial_undead_f,
          minmay_misc_feat_pillars, grunt_decor_junction
D:5:      gammafunk_steamed_eel, layout_basic, minitemple, portal_sewer_entry_a,
          uniq_duvessa
D:6:      layout_basic, uniq_prince_ribbit1

Skill      XL: |  1  2  3  4  5  6  7  8 |
---------------+-------------------------+-----
Fighting       | 4 5 6 7 8 |  8.0
Armour         | 3 4 6 7 |  7.1
Long Blades    | 4 7 8 |  8.6
Dodging        | |  1.1
Invocations    | |  1.7

Action                   |  1- 3 |  4- 6 |  7- 9 || total
-------------------------+-------+-------+-------++-------
Melee: Falchion          |    86 |    48 |       ||   134
       Headbutt          |    12 |    24 |    21 ||    57
       Long sword        |       |    57 |   149 ||   206
Throw: Boomerang         |       |     2 |     3 ||     5
       Dart              |       |     2 |    21 ||    23
  Use: Scroll            |       |       |     4 ||     4
       Potion            |       |       |     1 ||     1
Armor: Leather armour    |     8 |       |       ||     8
       Ring mail         |    37 |    35 |    24 ||    96
       Skin              |       |       |    30 ||    30
       Plate armour      |       |       |    29 ||    29
Dodge: Dodged            |    51 |    64 |    56 ||   171
       Rpst.: Falchion   |    21 |     3 |       ||    24
       Long sword        |       |    11 |    11 ||    22
